Cogmind - Beta 17.1 @@@ ROGUE MODE // 2026.09.10 @ 15:43:25 Player: Kotyk77 Result: Destroyed by H-88 Terminator with Heavy Machine Gun Performance ------------- Evolutions (8) 4000 Regions Visited (13) 2600 Robots Destroyed (61) 305 Value Destroyed (1343) 1343 Prototype IDs (54) 1080 Alien Tech Used (0) 0 Bonus (2080) 2080 TOTAL SCORE: 11408 Bonus ------- Triggered Max Security 1000 High Alert Combat Kills 280 Aligned with FarCom 300 Scanned by Researcher 500 Cogmind --------- Core Integrity 0/1450 Matter 217/300 Energy 100/100 System Corruption 19% Temperature Cool (0) Movement Core (50) Location -2/Research Parts ------- > --- POWER (2) -------- (None) > --- PROPULSION (8) --- (None) > --- UTILITY (11) ----- Enhanced Optical Array Advanced Signal Interpreter Improved Hacking Suite Advanced Hacking Suite > --- WEAPON (2) ------- (None) > --- INVENTORY (5) ---- Micro Antimatter Reactor Light Quantum Reactor Improved System Shield Vibroblade Peak State ------------ > --- POWER ------------ Micro Antimatter Reactor Light Quantum Reactor > --- PROPULSION ------- Field Propulsion Drive Cooled Field Propulsion Drive Field Propulsion Array Electron Diverter Improved Diametric Drive Impulse Thruster Array > --- UTILITY ---------- Advanced Heat Sink Large Storage Unit Advanced Weight Redist. System Advanced Trap Scanner Enhanced Optical Array Advanced Signal Interpreter Long-range Terrain Scanner Improved Utility Shielding Layered Light Armor Plating Advanced Hacking Suite Experimental System Shield > --- WEAPON ----------- Vibroblade Vibroblade > --- INVENTORY -------- Micro Antimatter Reactor ECM Suite Improved Utility Shielding Improved Hacking Suite Improved Hacking Suite Improved System Shield Nova Cannon Enhanced Hardcell Cannon [Rating: 153] Favorites ----------- Power Micro Antimatter Reactor Engine Light Ion Engine Power Core Enhanced Fission Core Reactor Micro Antimatter Reactor Propulsion Improved Cesium-ion Thruster Treads Advanced Heavy Siege Treads Leg Aluminum Leg Wheel Wheel Flight Unit Improved Cesium-ion Thruster Utility Advanced Hacking Suite Device Advanced Heat Sink Storage Large Storage Unit Processor Enhanced Optical Array Hackware Advanced Hacking Suite Protection Layered Light Armor Plating Weapon Plasma Sword Energy Gun EM Pulse Gun Energy Cannon Nova Cannon Ballistic Gun Assault Rifle Ballistic Cannon Enhanced Hardcell Cannon Launcher Grenade Launcher Special Weapon Remote Datajack Slashing Weapon Plasma Sword Piercing Weapon Heavy Pick Build | -11 -10 -10 -10 -9 -8 -7 -7 -6 -5 -4 -3 -3 -2 ------- Run | Yrd Mat Min Exi Min Mat Fac Sto Fac Fac Fac Res Tes Res Slots Evolved 16 | . . . . . 4 2 . 2 2 2 2 . 2 Power 1 | . . . . . . . . . 1 . . . . Propulsion 6 | . . . . . 2 2 . . . 1 1 . . Utility 9 | . . . . . 2 . . 2 1 1 1 . 2 Weapon . | . . . . . . . . . . . . . . Parts Attached 117 | 7 1 2 1 3 8 5 9 11 18 7 17 11 17 Power 13 | 1 . . . . 1 . . 1 3 . 2 2 3 Engine 4 | 1 . . . . 1 . . 1 1 . . . . Core 2 | . . . . . . . . . 2 . . . . Reactor 7 | . . . . . . . . . . . 2 2 3 Propulsion 39 | 2 . 1 . 1 4 2 4 5 2 1 9 5 3 Treads 1 | . . . . . . . . . . . . . 1 Leg 1 | . . . . . . 1 . . . . . . . Wheel 9 | 2 . 1 . 1 4 1 . . . . . . . Hover . | . . . . . . . . . . . . . . Flight 28 | . . . . . . . 4 5 2 1 9 5 2 Utility 42 | 2 1 . . 1 2 1 2 4 7 5 5 2 10 Device 15 | 1 . . . 1 . . . 3 2 1 2 1 4 Storage 5 | 1 1 . . . 1 . . . 1 . . . 1 Processor 7 | . . . . . 1 . 1 1 2 2 . . . Hackware 9 | . . . . . . . . . 2 2 2 . 3 Protection 6 | . . . . . . 1 1 . . . 1 1 2 Artifact . | . . . . . . . . . . . . . . Weapon 23 | 2 . 1 1 1 1 2 3 1 6 1 1 2 1 Energy Gun 3 | 1 . . . . . . . 1 1 . . . . Energy Cannon 4 | . . . . . . . 2 . . 1 1 . . Ballistic Gun 4 | 1 . . . . . 1 . . 2 . . . . Ballistic Cannon 1 | . . . . . . . . . . . . . 1 Launcher 3 | . . 1 1 . 1 . . . . . . . . Special Weapon 2 | . . . . . . 1 . . 1 . . . . Impact Weapon . | . . . . . . . . . . . . . . Slashing Weapon 5 | . . . . 1 . . 1 . 1 . . 2 . Piercing Weapon 1 | . . . . . . . . . 1 . . . . Special Melee Weapon . | . . . . . . . . . . . . . . Unidentified Prototypes 18 | . . . 1 . . . 1 1 6 1 3 4 1 Parts Lost 47 | . . . . . 3 5 7 . 1 . 5 6 20 Power 5 | . . . . . 1 . 1 . . . . 1 2 Propulsion 21 | . . . . . 2 3 3 . . . 3 2 8 Utility 16 | . . . . . . 1 2 . . . 2 3 8 Weapon 5 | . . . . . . 1 1 . 1 . . . 2 Highest Loss Streak 14 | . . . . . 2 5 7 . 1 . 5 5 14 To Critical Strikes . | . . . . . . . . . . . . . . Average Backups 9 | 3 8 11 12 14 14 14 9 5 6 9 9 8 7 Power . | . 1 1 1 1 . . . . . . . 1 1 Propulsion 2 | 1 4 5 6 6 2 . . 1 1 . . 1 . Utility 4 | . . 1 1 3 5 8 6 2 3 6 5 4 4 Weapon 2 | . 2 3 4 4 4 3 2 1 . 1 1 1 1 Tool/Special . | . . . . . . . . . . . . . . Unused Backups 28 | . . 1 . 1 3 4 6 2 4 4 1 . 2 Power 4 | . . . . . . 2 . . 1 . . . 1 Propulsion 4 | . . . . 1 1 . . 2 . . . . . Utility 13 | . . . . . 2 . 4 . 2 3 1 . 1 Weapon 6 | . . 1 . . . 1 2 . 1 1 . . . Tool/Special 1 | . . . . . . 1 . . . . . . . Average Slot Usage (%) 90 | . 100 100 100 100 98 90 53 81 99 97 94 87 73 Engine 4 | . 14 14 14 14 9 7 2 3 . . . . . Core 2 | . . . . . . . . . 10 10 3 . . Reactor 2 | . . . . . . . . . . . 4 9 6 Wheel 11 | . 28 28 28 28 35 36 6 . . . . . . Flight 18 | . . . . . . . 12 33 34 34 33 27 18 Device 13 | . 14 14 14 14 17 8 6 17 18 13 8 9 11 Storage 6 | . 14 14 14 14 9 7 3 1 2 5 4 4 3 Processor 7 | . . . . . 8 6 1 9 11 10 9 9 8 Hackware 5 | . . . . . . . . . 3 10 16 12 13 Protection 2 | . . . . . . 6 4 4 2 . 1 4 3 Energy Gun 4 | . 14 14 14 14 3 . . 2 4 4 . . . Launcher 3 | . . 14 14 7 5 2 . . . . . . . Slashing Weapon 4 | . . . . 7 9 6 3 6 4 5 4 7 5 Peak Build Rating 153 | 9 9 10 14 16 26 31 31 65 93 104 139 144 153 Average Rating 68 | 5 9 9 12 13 25 25 25 50 84 98 130 140 118 On Entrance 45 | . 9 9 10 14 16 26 19 31 65 85 104 126 129 Avg Prop Armor Cover (%) 2 | . . . . . . 7 7 2 1 . 1 . 6 Naked Turns . | . . . . . . . . . . . . . . Heaviest Build 64 | 13 28 29 32 32 34 39 47 37 38 43 58 54 64 Greatest Support 89 | 20 20 20 20 26 46 50 20 44 47 55 65 67 89 Greatest Overweight (x) 14 | . 1 1 1 1 1 1 14 . . . . . 3 Average Overweight (x) . | . . 1 1 1 . . . . . . . . . Largest Inventory Capacity 15 | 8 15 15 15 15 15 15 15 15 15 10 10 10 15 Average Capacity 11 | 7 10 15 15 15 15 15 10 6 7 10 10 10 13 Most Carried 15 | 7 9 12 14 15 15 15 15 11 10 10 10 10 13 Average Carried 9 | 3 8 11 12 14 14 14 9 5 6 9 9 8 8 Final Capacity 15 | 8 15 15 15 15 15 15 5 15 10 10 10 10 5 Final Carried 15 | 7 9 12 14 15 15 13 5 11 10 10 10 5 4 Class Distribution -------------------- 28% | Mutant 24% | Hacker-Sprinter 11% | Sprinter 10% | Hacker-Scout 9% | Assassin 5% | Scout 5% | Scavenger-Assassin Dominant Class ---------------- Mutant | -10/Materials Mutant | -10/Mines Mutant | -10/Exiles Mutant | -9/Mines Assassin | -8/Materials Scavenger-Assassin | -7/Factory Mutant | -7/Storage Sprinter | -6/Factory Sprinter | -5/Factory Hacker-Sprinter | -4/Factory Hacker-Sprinter | -3/Research Hacker-Scout | -3/Testing Hacker-Sprinter | -2/Research Resources | -11 -10 -10 -10 -9 -8 -7 -7 -6 -5 -4 -3 -3 -2 ----------- Run | Yrd Mat Min Exi Min Mat Fac Sto Fac Fac Fac Res Tes Res Matter Collected 1884 | 244 . 130 10 40 13 . 77 241 446 72 141 207 263 Remotely . | . . . . . . . . . . . . . . Salvage Created 2083 | 58 . 109 . 111 110 . 28 241 565 156 135 181 389 Parts 122 | 6 . 15 . 4 25 . 2 8 24 4 10 6 18 Haulers Intercepted 6 | . . . . . . . . 1 3 1 . 1 . Recyclers Shooed 1 | 1 . . . . . . . . . . . . . Parts Field Recycled . | . . . . . . . . . . . . . . Retrieved Matter . | . . . . . . . . . . . . . . Parts Self-Destructed . | . . . . . . . . . . . . . . Prevented . | . . . . . . . . . . . . . . Parts Restored . | . . . . . . . . . . . . . . Kills | -11 -10 -10 -10 -9 -8 -7 -7 -6 -5 -4 -3 -3 -2 ------- Run | Yrd Mat Min Exi Min Mat Fac Sto Fac Fac Fac Res Tes Res Combat Hostiles Destroyed 27 | . . 10 . . 9 . . . 1 . . . 7 Melee 1 | . . . . . . . . . . . . . 1 Guns 1 | . . . . . . . . . 1 . . . . Cannons 6 | . . . . . . . . . . . . . 6 AOE 19 | . . 10 . . 9 . . . . . . . . Classes Destroyed 11 | 1 . 4 . 1 1 . . 1 1 . 1 . 1 Worker 7 | . . 1 . . 1 . 1 1 2 . . . 1 Builder 2 | . . 1 . . . . . . 1 . . . . Tunneler 3 | 2 . . . . . . . . 1 . . . . Hauler 6 | . . . . . . . . 1 3 1 . 1 . Recycler 4 | . . . . 2 . . . 1 . . . . 1 Operator 3 | . . . . . . . . . . . 2 1 . Watcher 9 | . . . . . 1 . . . 3 1 2 1 1 Swarmer 22 | . . 9 . . 8 . . . . . . . 5 Grunt 1 | . . . . . . . . . 1 . . . . Sentry 2 | . . 1 . . 1 . . . . . . . . Programmer 2 | . . . . . . . . . . . . . 2 Best Kill Streak 7 | 2 . 5 . 1 5 . 1 1 3 1 1 2 7 Combat Bots Only 5 | . . 4 . . 5 . . . 1 . . . 5 Max Kills in Single Turn 4 | 1 . 3 . 1 4 . 1 1 1 1 1 1 1 Gunslinging . | . . . . . . . . . . . . . . Exploded 4 | . . 3 . . 4 . . . . . . . . Melee 1 | . . . . . . . . . . . . . 1 Uniques/NPCs Destroyed . | . . . . . . . . . . . . . . Combat | -11 -10 -10 -10 -9 -8 -7 -7 -6 -5 -4 -3 -3 -2 -------- Run | Yrd Mat Min Exi Min Mat Fac Sto Fac Fac Fac Res Tes Res Hostile Shots Fired 629 | . . 14 . 2 16 16 98 36 18 . 99 104 226 Missed 244 | . . 5 . 2 1 5 28 22 9 . 56 49 67 Hits 385 | . . 9 . . 15 11 70 14 9 . 43 55 159 Melee 12 | . . . . . . 7 2 . . . . 3 . Projectile 373 | . . 9 . . 15 4 68 14 9 . 43 52 159 AOE 1 | . . . . . . . . . . . . 1 . Critical Strikes 20 | . . . . . . 1 4 . 1 . 2 4 8 Part Disruptions 1 | . . . . . . . . . . . . . 1 Damage Taken 8008 | 3 . 117 . . 251 324 1161 110 199 . 953 861 4029 Core 2240 | . . 21 . . 31 43 357 34 61 . 170 50 1473 Absorbed by Shields 198 | . . . . . . . . . . . . 198 . Reduced by Siege Mode 291 | . . . . . . . . . . . . . 291 Redirected to Shielding 188 | . . . . . . . . . . . . . 188 Regen/Repaired (Parts) 46 | . . . . . . . . . 20 26 . . . Core Remaining (%) 87 | 100 . . . 91 94 . 42 96 93 100 . 83 . Volleys Fired 89 | 3 . 7 . . 10 9 7 . 20 10 . . 23 Largest 2 | 2 . 2 . . 1 1 2 . 1 1 . . 1 Hottest 113 | 60 . 70 . . 40 25 60 . 55 98 . . 113 Shots Fired 106 | 6 . 14 . . 10 9 14 . 20 10 . . 23 Gun 31 | 6 . 7 . . 1 2 . . 11 4 . . . Cannon 43 | . . . . . . . 14 . . 6 . . 23 Launcher 16 | . . 7 . . 9 . . . . . . . . Special 16 | . . . . . . 7 . . 9 . . . . Kinetic 20 | 3 . . . . . 2 . . . . . . 15 Thermal 28 | . . . . . . . 14 . . 6 . . 8 Explosive 16 | . . 7 . . 9 . . . . . . . . Electromagnetic 26 | 3 . 7 . . 1 . . . 11 4 . . . Robot Hit Streak 15 | 5 . 6 . . 1 3 8 . 8 12 . . 15 Robot Miss Streak 3 | 1 . 2 . . 2 2 2 . 1 . . . 3 Penetration Max . | . . . . . . . . . . . . . . Secondary Targets . | . . . . . . . . . . . . . . Shots Hit Robots 111 | 5 . 8 . 2 8 12 14 3 25 5 6 4 19 Core Hits 75 | 2 . 20 . 1 15 1 2 2 12 3 4 2 11 Critical Kills . | . . . . . . . . . . . . . . Critical Parts Destroyed 1 | . . . . . . 1 . . . . . . . Critical Strikes 5 | . . . . . . 1 . . 1 . . . 3 Destroy 1 | . . . . . . 1 . . . . . . . Blast 1 | . . . . . . . . . . . . . 1 Sever 3 | . . . . . . . . . 1 . . . 2 Melee Attacks 151 | . . . . 2 12 10 5 11 15 2 46 20 28 Impact . | . . . . . . . . . . . . . . Slashing 151 | . . . . 2 12 10 5 11 15 2 46 20 28 Piercing . | . . . . . . . . . . . . . . Sneak Attacks 26 | . . . . 2 4 2 2 3 6 . 2 3 2 Combat Hostiles . | . . . . . . . . . . . . . . Follow-up Attacks 1 | . . . . . . . . . . . . . 1 Damage Inflicted 5795 | 72 . 702 . 97 759 207 479 212 890 202 494 529 1152 Guns 438 | 66 . 24 . . . 38 . . 224 86 . . . Cannons 849 | . . . . . . . 267 . . . . . 582 Explosions 1286 | . . 678 . . 563 . . . . 45 . . . Melee 3207 | . . . . 97 196 166 212 212 666 71 494 529 564 Ramming 15 | 6 . . . . . 3 . . . . . . 6 Kinetic 660 | 40 . . . . . 38 . . . . . . 582 Thermal 312 | . . . . . . . 267 . . 45 . . . Explosive 1241 | . . 678 . . 563 . . . . . . . . Electromagnetic 360 | 26 . 24 . . . . . . 224 86 . . . Impact . | . . . . . . . . . . . . . . Slashing 3207 | . . . . 97 196 166 212 212 666 71 494 529 564 Piercing . | . . . . . . . . . . . . . . Highest Corruption 19 | . . . . . . 9 9 . 1 . 5 5 19 Average Corruption 6 | . . . . . . 4 9 . 1 . 4 5 14 Corruption Purged . | . . . . . . . . . . . . . . Corruption Blocked . | . . . . . . . . . . . . . . Effects 31 | . . . . . . 1 3 . 1 . 2 8 16 Message Errors 8 | . . . . . . . . . . . . 3 5 Matter Fused 10 | . . . . . . 1 1 . 1 . . 4 3 Energy Discharges 5 | . . . . . . . 1 . . . . 1 3 Data Loss (minor) 3 | . . . . . . . 1 . . . 1 . 1 Data Loss (major) 1 | . . . . . . . . . . . 1 . . Misdirections 4 | . . . . . . . . . . . . . 4 Overload Shots . | . . . . . . . . . . . . . . Overflow Damage 737 | . . 56 . 19 5 6 29 24 111 . 67 207 213 Projectiles 47 | . . . . . . . . . . . . . 47 Explosions 61 | . . 56 . . 5 . . . . . . . . Melee 629 | . . . . 19 . 6 29 24 111 . 67 207 166 Knockbacks 3 | . . . . . . . . . . . . . 3 Impact . | . . . . . . . . . . . . . . Kinetic 2 | . . . . . . . . . . . . . 2 Secondary 1 | . . . . . . . . . . . . . 1 Self-Inflicted Damage 143 | 3 . 40 . . 96 1 . . . . . . 3 Shots 3 | . . 1 . . 2 . . . . . . . . Rammed 5 | 1 . . . . . 2 1 . . . . . 1 Targets Rammed 5 | 1 . . . . . 2 1 . . . . . 1 Kicked . | . . . . . . . . . . . . . . Crushed . | . . . . . . . . . . . . . . Highest Temperature 286 | . . 36 . . . . 33 6 225 284 286 58 274 Average Temperature 58 | . . 15 . . . . 9 4 50 63 69 18 68 Received Heat Transfer 956 | . . 9 . . 27 9 684 30 27 . 75 68 27 Effects 3 | . . . . . . . . . . 2 1 . . Energy Bleed 1 | . . . . . . . . . . . 1 . . Interference 2 | . . . . . . . . . . 2 . . . Siege Activations 1 | . . . . . . . . . . . . . 1 Total Turns 17 | . . . . . . . . . . . . . 17 Longest Duration 17 | . . . . . . . . . . . . . 17 Martial Activations . | . . . . . . . . . . . . . . Shielding Activations . | . . . . . . . . . . . . . . Robots Disrupted . | . . . . . . . . . . . . . . Combat Hostiles . | . . . . . . . . . . . . . . Robots Corrupted 2 | . . . . . . . . . . 1 . . 1 Combat Hostiles . | . . . . . . . . . . . . . . Parts Fried 2 | . . . . . . . . . . 1 . . 1 Impact Corruptions 1 | . . . . . . . . . . . . . 1 Robots Melted . | . . . . . . . . . . . . . . Combat Hostiles . | . . . . . . . . . . . . . . Parts Melted . | . . . . . . . . . . . . . . Heat Transferred 470 | . . . . . . . 370 . . 100 . . . Parts Sabotaged 3 | . . . . . . . . . . . . 3 . Parts Stolen . | . . . . . . . . . . . . . . Parts Stripped . | . . . . . . . . . . . . . . Power Chain Reactions 1 | . . . . . . . . . . 1 . . . Alert | -11 -10 -10 -10 -9 -8 -7 -7 -6 -5 -4 -3 -3 -2 ------- Run | Yrd Mat Min Exi Min Mat Fac Sto Fac Fac Fac Res Tes Res Maximum Alert Level 5 | . . . . . . . . . 1 . . 5 4 Low Security (%) 79 | 100 100 100 . 100 100 100 100 100 93 100 100 . . Level 1 . | . . . . . . . . . 6 . . . . Level 2 . | . . . . . . . . . . . . . . Level 3 2 | . . . . . . . . . . . . . 16 Level 4 11 | . . . . . . . . . . . . . 83 Level 5 . | . . . . . . . . . . . . . . High Security . | . . . . . . . . . . . . . . Max Security 5 | . . . . . . . . . . . . 99 . Peak Influence 2380 | 5 . 178 . 5 189 74 100 54 207 124 183 2380 1332 Initial 1332 | . . . . . . 74 15 40 . 76 27 53 1332 Average 301 | . . 37 . 1 94 19 26 8 69 69 61 1757 1188 Influence Increases 3349 | 10 . 294 . 10 378 45 134 99 459 176 605 830 309 Destroy 0b10 Robot/C 540 | . . 200 . . 180 . . . 20 . . . 140 Destroy 0b10 Robot/NC 170 | 10 . 10 . 10 10 . 5 15 50 10 20 15 15 Destroy Leader 110 | . . 30 . . 32 . . 2 12 4 4 4 22 Allied During Kill 2 | . . . . . . . . . 2 . . . . Successful Hack 101 | . . . . . 20 . 7 . 37 21 10 . 6 Disable Machine 135 | . . . . . 30 . 30 15 30 . . 30 . Destroy Structure 311 | . . 39 . . 106 . 2 7 8 6 76 16 51 Partial Spotted 360 | . . . . . . . 45 . 135 . 150 30 . Lose Combat Pursuer 1620 | . . 15 . . . 45 45 60 165 135 345 735 75 Influence Decreases 3773 | 10 . 132 162 10 213 175 79 189 303 278 564 102 1556 Entered New Map 1510 | . . . 162 . . 91 20 50 . 80 27 42 1038 Time Decay 1623 | 10 . 132 . 10 183 74 45 139 235 150 327 . 318 Lost Part 372 | . . . . . 30 10 14 . 8 . 50 60 200 Lost Ally 73 | . . . . . . . . . 53 10 10 . . Purge Threat 195 | . . . . . . . . . 7 38 150 . . Squads Dispatched 39 | . 1 . . . 3 1 . 1 6 3 8 12 4 Investigation 7 | . 1 . . . 2 . . . 1 1 2 . . Extermination 10 | . . . . . . 1 . 1 2 1 2 . 3 Reinforcement 6 | . . . . . 1 . . . 1 1 2 . 1 Assault 16 | . . . . . . . . . 2 . 2 12 . Garrison . | . . . . . . . . . . . . . . Intercept . | . . . . . . . . . . . . . . Searches Triggered . | . . . . . . . . . . . . . . Construction Impeded . | . . . . . . . . . . . . . . Haulers Reinforced 2 | . . . . . . . . . 1 1 . . . Active Scanning Responses . | . . . . . . . . . . . . . . Cargo Convoy Interrupts . | . . . . . . . . . . . . . . Stealth | -11 -10 -10 -10 -9 -8 -7 -7 -6 -5 -4 -3 -3 -2 --------- Run | Yrd Mat Min Exi Min Mat Fac Sto Fac Fac Fac Res Tes Res Distress Signals 5 | . . . . . . . . . 1 2 . 1 1 Communications Jammed . | . . . . . . . . . . . . . . Distress Signals . | . . . . . . . . . . . . . . Times Spotted 228 | . . 11 . 3 14 6 6 5 18 6 34 81 44 Peak Tracking Total 40 | . . 4 . 3 6 5 4 5 8 6 9 40 9 Tactical Retreats 32 | . . 1 . . . 1 1 2 4 3 10 5 5 ECM-based Alert Blocks 18 | . . . . . . . . . . . . . 18 Traps | -11 -10 -10 -10 -9 -8 -7 -7 -6 -5 -4 -3 -3 -2 ------- Run | Yrd Mat Min Exi Min Mat Fac Sto Fac Fac Fac Res Tes Res Traps Triggered 3 | . . . . . . . . . 1 . . . 2 Indirectly . | . . . . . . . . . . . . . . Trap Hack Attempts . | . . . . . . . . . . . . . . Triggered . | . . . . . . . . . . . . . . Disarmed . | . . . . . . . . . . . . . . Reprogrammed . | . . . . . . . . . . . . . . Reused . | . . . . . . . . . . . . . . Traps Extracted . | . . . . . . . . . . . . . . Installed . | . . . . . . . . . . . . . . Triggered . | . . . . . . . . . . . . . . Objects Rigged 3 | . . . . 1 . 1 1 . . . . . . Exploded 3 | . . . . 1 . 1 1 . . . . . . Machines | -11 -10 -10 -10 -9 -8 -7 -7 -6 -5 -4 -3 -3 -2 ---------- Run | Yrd Mat Min Exi Min Mat Fac Sto Fac Fac Fac Res Tes Res Machines Disabled 9 | . . . . . 2 . 2 1 2 . . 2 . Max in Single Turn 1 | . . . . . 1 . 1 1 1 . . 1 . Garrison Access 2 | . . . . . . . . . 1 . 1 . . Machines Repaired . | . . . . . . . . . . . . . . Machines Dismantled . | . . . . . . . . . . . . . . Machines Sabotaged . | . . . . . . . . . . . . . . Overloaded Fab Kills . | . . . . . . . . . . . . . . Hacking | -11 -10 -10 -10 -9 -8 -7 -7 -6 -5 -4 -3 -3 -2 --------- Run | Yrd Mat Min Exi Min Mat Fac Sto Fac Fac Fac Res Tes Res Machines Accessed 44 | . 1 . 3 . 4 1 3 5 9 3 8 . 7 Terminals 25 | . 1 . . . 3 . 3 3 5 1 5 . 4 Fabricators 5 | . . . . . . 1 . 1 1 1 1 . . Repair Stations 3 | . . . . . . . . . 1 1 . . 1 Recycling Units 1 | . . . . . . . . 1 . . . . . Scanalyzers 5 | . . . . . 1 . . . 2 . 1 . 1 Garrison Access 2 | . . . . . . . . . . . 1 . 1 Total Hacks 133 | . 3 . 33 . 14 1 4 8 28 9 19 . 14 Successful 80 | . 1 . 33 . 8 . 1 3 17 6 8 . 3 Failed 51 | . 2 . . . 6 1 3 5 10 3 10 . 11 Catastrophic 5 | . . . . . 1 1 . . 1 . 1 . 1 Database Lockouts 2 | . . . . . . . . . 1 . 1 . . Manual 30 | . 3 . 1 . 7 . . 3 11 1 3 . 1 Terminals 65 | . 3 . . . 11 . 4 6 17 3 12 . 9 Fabricators 10 | . . . . . . 1 . 1 4 2 2 . . Repair Stations 7 | . . . . . . . . . 2 4 . . 1 Recycling Units 1 | . . . . . . . . 1 . . . . . Scanalyzers 12 | . . . . . 3 . . . 5 . 2 . 2 Garrison Access 5 | . . . . . . . . . . . 3 . 2 Terminal Hacks 56 | . . . 33 . 5 . 1 2 5 2 5 . 3 Record 32 | . . . 32 . . . . . . . . . . Robot Analysis 2 | . . . . . 2 . . . . . . . . Prototype ID Bank 5 | . . . . . 2 . . . 2 1 . . . Open Door 1 | . . . . . . . 1 . . . . . . Branch Access Points 1 | . . . . . . . . . . . 1 . . Terminal Index 4 | . . . . . 1 . . . 1 . 1 . 1 Repair Station Index 1 | . . . . . . . . . . . . . 1 Garrison Index 1 | . . . . . . . . . . . . . 1 Unreport Threat 3 | . . . . . . . . . 1 1 1 . . Locate Traps 2 | . . . . . . . . 1 1 . . . . Reinforcement Status 1 | . . . . . . . . . . . 1 . . Recall Investigation 1 | . . . . . . . . 1 . . . . . Recall Reinforcements 1 | . . . . . . . . . . . 1 . . Proto ID Catalog 1 | . . . 1 . . . . . . . . . . Fabricator Hacks 3 | . . . . . . . . 1 1 . 1 . . Network Status 3 | . . . . . . . . 1 1 . 1 . . Repair Station Hacks 5 | . . . . . . . . . 2 3 . . . Scan Component 3 | . . . . . . . . . 1 2 . . . Repair 2 | . . . . . . . . . 1 1 . . . Recycling Unit Hacks . | . . . . . . . . . . . . . . Scanalyzer 5 | . . . . . 1 . . . 3 . 1 . . Retrieve Study 5 | . . . . . 1 . . . 3 . 1 . . Garrison Access Hacks . | . . . . . . . . . . . . . . Unauthorized Hacks 11 | . 1 . . . 2 . . . 6 1 1 . . Terminals 11 | . 1 . . . 2 . . . 6 1 1 . . Assimilate 7 | . . . . . 1 . . . 4 1 1 . . Botnet 4 | . 1 . . . 1 . . . 2 . . . . Fabricators . | . . . . . . . . . . . . . . Repair Stations . | . . . . . . . . . . . . . . Recycling Units . | . . . . . . . . . . . . . . Scanalyzers . | . . . . . . . . . . . . . . Garrison Access . | . . . . . . . . . . . . . . Data Cores Recovered 1 | . . . . . . . . . . . 1 . . Used . | . . . . . . . . . . . . . . Hacking Detections 31 | . 1 . . . 4 . 2 4 5 3 6 . 6 Full Trace Events 7 | . 1 . . . 2 . . . 1 1 2 . . Feedback Events . | . . . . . . . . . . . . . . Feedback Blocked . | . . . . . . . . . . . . . . Robot Schematics Acquired . | . . . . . . . . . . . . . . Robots Built . | . . . . . . . . . . . . . . Authchips . | . . . . . . . . . . . . . . Time . | . . . . . . . . . . . . . . Total Robot Build Rating . | . . . . . . . . . . . . . . Part Schematics Acquired . | . . . . . . . . . . . . . . Parts Built . | . . . . . . . . . . . . . . Authchips . | . . . . . . . . . . . . . . Time . | . . . . . . . . . . . . . . Total Part Build Rating . | . . . . . . . . . . . . . . Part Studies Acquired 5 | . . . . . 1 . . . 3 . 1 . . Parts Repaired 2 | . . . . . . . . . 1 1 . . . Time 123 | . . . . . . . . . 35 88 . . . Parts Recycled . | . . . . . . . . . . . . . . Recycled Matter . | . . . . . . . . . . . . . . Retrieved Matter . | . . . . . . . . . . . . . . Retrieved Components . | . . . . . . . . . . . . . . Parts Scanalyzed . | . . . . . . . . . . . . . . Part Schematics Acquired . | . . . . . . . . . . . . . . Parts Damaged . | . . . . . . . . . . . . . . Bothacking | -11 -10 -10 -10 -9 -8 -7 -7 -6 -5 -4 -3 -3 -2 ------------ Run | Yrd Mat Min Exi Min Mat Fac Sto Fac Fac Fac Res Tes Res Used RIF Installer . | . . . . . . . . . . . . . . Robots Hacked 4 | . . . . . . 1 . . 3 . . . . Non-combat 3 | . . . . . . 1 . . 2 . . . . Combat 1 | . . . . . . . . . 1 . . . . Robot Hacks Applied 5 | . . . . . . 1 . . 4 . . . . parse_system 1 | . . . . . . . . . 1 . . . . find_chute 3 | . . . . . . . . . 3 . . . . find_fabricator 1 | . . . . . . 1 . . . . . . . Relay Couplers Released 5 | . . . . . . . . . 4 . 1 . . Machine Destruction 5 | . . . . . . . . . 4 . 1 . . Fabnet Peak Effective % . | . . . . . . . . . . . . . . Robots Rewired 3 | . . . . . . 1 . . 2 . . . . Allies Hacked 1 | . . . . . . . . . 1 . . . . Hacks Repelled . | . . . . . . . . . . . . . . Allies | -11 -10 -10 -10 -9 -8 -7 -7 -6 -5 -4 -3 -3 -2 -------- Run | Yrd Mat Min Exi Min Mat Fac Sto Fac Fac Fac Res Tes Res Total Allies 8 | . . . . . . 1 . . 6 1 . . . Largest Group 2 | . . . . . . 1 . . 2 2 1 . . Highest-Rated Group 113 | . . . . . . 12 . . 113 71 45 . . Highest-Rated Ally 64 | . . . . . . 12 . . 64 45 45 . . Total Orders 5 | . . . . . . . . . . 5 . . . STAY 3 | . . . . . . . . . . 3 . . . FOLLOW 2 | . . . . . . . . . . 2 . . . Ally Attacks 8 | . . . . . . 2 . . 6 . . . . Total Damage 219 | . . . . . . 30 . . 189 . . . . Kills . | . . . . . . . . . . . . . . Allies Corrupted 1 | . . . . . . . . . 1 . . . . Allies Melted . | . . . . . . . . . . . . . . Intel | -11 -10 -10 -10 -9 -8 -7 -7 -6 -5 -4 -3 -3 -2 ------- Run | Yrd Mat Min Exi Min Mat Fac Sto Fac Fac Fac Res Tes Res Active Infowar (turns) 5482 | 13 70 565 413 61 524 336 89 647 674 320 758 308 704 Optics 3443 | . . . . . . . 32 647 674 320 758 308 704 Terrain 2365 | 13 70 565 413 61 524 336 57 . . . . 63 263 Structural 214 | . . . . . . . . . 214 . . . . Traps 573 | . . . . . . . . . . 25 140 305 103 ECM 293 | . . . . . . . . . . . . . 293 Robot Analysis Total 2 | . . . . . 2 . . . . . . . . Derelict Logs Recovered 1 | . . 1 . . . . . . . . . . . Drone Launches . | . . . . . . . . . . . . . . Drone Recoveries . | . . . . . . . . . . . . . . Exploration | -11 -10 -10 -10 -9 -8 -7 -7 -6 -5 -4 -3 -3 -2 ------------- Run | Yrd Mat Min Exi Min Mat Fac Sto Fac Fac Fac Res Tes Res Turns Passed 5657 | 76 70 565 413 85 527 336 172 647 676 320 758 308 704 Spaces Moved 9119 | 61 79 564 432 70 428 333 176 1038 1570 637 1971 689 1071 Core 217 | 4 . . . . . . 6 . . . . . 207 Treads 9 | . . . . . . . . . . . . . 9 Legs . | . . . . . . . . . . . . . . Wheels 1997 | 57 79 564 432 70 428 333 34 . . . . . . Hover . | . . . . . . . . . . . . . . Flight 6896 | . . . . . . . 136 1038 1570 637 1971 689 855 Fastest Speed 13 | 50 80 95 95 95 80 80 31 20 17 15 13 20 21 Average Speed 37 | 78 83 95 95 99 83 80 59 27 20 18 18 23 31 Slowest Speed 750 | 80 95 95 95 105 95 95 750 37 24 22 26 24 200 Overloaded Moves 1307 | . . . . . . . . . 244 175 560 210 118 Propulsion Burnouts 1 | . . . . . . . . . . . . . 1 Robots Hopped 79 | . . . . . . . 5 12 10 3 30 10 9 Potential Cave-ins 4 | . . . . . . . . . . 3 . . 1 Cave-ins Triggered 1 | . . . . . . . . . . . . . 1 Exploration Rate (%) 38 | 3 18 96 89 14 36 8 35 20 41 13 51 90 31 Regions Visited 13 Branch Regions 5 Pre-discovered Areas 2 | . . 1 1 . . . . . . . . . . Known Exits Taken 7 | . . . . . 1 1 . 1 1 1 1 1 . Unknown Exits Taken 6 | 1 1 1 1 1 . . 1 . . . . . . Scrap Searched 1 | . . 1 . . . . . . . . . . . Spaces Dug 95 | . . . . . 4 . . 7 3 7 40 9 25 Terrain Destroyed 267 | . . 50 . . 124 . 2 7 3 7 40 9 25 Melee 81 | . . . . . 4 . . 7 3 1 40 9 17 Projectile 16 | . . . . . . . 2 . . 6 . . 8 AOE 170 | . . 50 . . 120 . . . . . . . . Terrain Rammed . | . . . . . . . . . . . . . . Walls Destroyed . | . . . . . . . . . . . . . . Machines Disabled . | . . . . . . . . . . . . . . Actions | -11 -10 -10 -10 -9 -8 -7 -7 -6 -5 -4 -3 -3 -2 --------- Run | Yrd Mat Min Exi Min Mat Fac Sto Fac Fac Fac Res Tes Res Total 10905 | 80 83 578 434 80 564 378 212 1369 1882 822 2266 796 1361 Wait 1299 | . 1 2 . 2 86 7 12 305 234 153 231 61 205 Move 8960 | 60 78 563 431 69 427 332 166 1013 1549 630 1915 672 1055 Hop 67 | . . . . . . . 4 12 10 3 25 6 7 Pick Up 74 | 8 2 3 2 1 10 5 3 8 10 6 8 2 6 Fast Attach 63 | 7 . . . . 2 . 7 8 12 4 7 8 8 Attach 34 | . . . . . 5 2 3 . 3 2 5 5 9 Detach 9 | . . . . . . . 1 . 1 . 1 . 6 Swap 55 | . 1 2 1 4 4 5 . 5 9 5 9 2 8 Drop 83 | 1 1 1 . 1 8 5 2 7 19 7 19 7 5 Fire 89 | 3 . 7 . . 10 9 7 . 20 10 . . 23 Melee 150 | . . . . 2 12 10 5 11 15 2 46 20 27 Ram 6 | 1 . . . . . 2 1 . . . . . 2 Kick . | . . . . . . . . . . . . . . Crush . | . . . . . . . . . . . . . . Escape Stasis 13 | . . . . . . . . . . . . 13 . Rewire . | . . . . . . . . . . . . . . Trap 3 | . . . . 1 . 1 1 . . . . . . Miscellaneous . | . . . . . . . . . . . . . . Route ------- -11/Scrapyard -10/Materials -10/Mines (discovered 2 exits: [*Mat] / *Exi) -10/Exiles -9/Mines -8/Materials -7/Factory -7/Storage -6/Factory (discovered 2 exits: *Fac / *Ext) -5/Factory (discovered 2 exits: *Fac / *Upp) -4/Factory -3/Research (discovered 2 exits: *Tes x2) -3/Testing -2/Research (discovered 1 exit: *Qua) History --------- Turn | Location | Event 21 | -11/Scrapyard | Discovered new exit (range 16) 77 | -11/Scrapyard | Entered Materials 78 | -10/Materials | Met a group of wandering Federalists 121 | -10/Materials | Discovered new exit (range 8) 147 | -10/Materials | Entered Mines 198 | -10/Mines | Assembled infested the area 208 | -10/Mines | Learned 4 Materials zone layouts 250 | -10/Mines | Learned location of Storage (-7) 288 | -10/Mines | Discovered new exit (range 9) 305 | -10/Mines | Found Prototype Launcher 319 | -10/Mines | Build established: Mutant 708 | -10/Mines | Discovered new exit (range 5) 712 | -10/Mines | Entered Exiles 735 | -10/Exiles | Met 8R-AWN 752 | -10/Exiles | Met EX-HEX 780 | -10/Exiles | Met EX-BIN 791 | -10/Exiles | Aligned with FarCom system 792 | -10/Exiles | Given EX-Vault access code 833 | -10/Exiles | Opened EX-Vault 842 | -10/Exiles | Identified YI-UF0's Doublenader 848 | -10/Exiles | Found PSU Rigger 869 | -10/Exiles | Warned to stay clear of 0b10 Research branches 895 | -10/Exiles | Met EX-DEC 926 | -10/Exiles | Visited The Gauntlet 1042 | -10/Exiles | Learned location of Zion (-6) 1114 | -10/Exiles | Discovered new exit (range 14) 1125 | -10/Exiles | Left Exiles lab with PSU Rigger 1125 | -10/Exiles | Entered Mines 1132 | -9/Mines | Received a Rocket Launcher from a helpful Derelict 1145 | -9/Mines | Discovered new exit (range 7) 1210 | -9/Mines | Entered Materials 1210 | -8/Materials | Evolved 4 slots: Propulsion x2, Utility x2 1211 | -8/Materials | Identified exit to Factory 1533 | -8/Materials | Build established: Assassin 1737 | -8/Materials | Entered Factory 1737 | -7/Factory | Evolved 2 slots: Propulsion x2 2022 | -7/Factory | Discovered new exit (range 5) 2024 | -7/Factory | Identified exit to Storage 2073 | -7/Factory | Entered Storage 2095 | -7/Storage | Lost 5 parts (3n1u1w) 2172 | -7/Storage | Core integrity fell below 50% 2191 | -7/Storage | Lost 7 parts (1p3n2u1w) 2237 | -7/Storage | Discovered new exit (range 20) 2245 | -7/Storage | Entered Factory 2245 | -6/Factory | Evolved 2 slots: Utility x2 2438 | -6/Factory | Build established: Mutant 2481 | -6/Factory | Discovered new exit (range 12) 2637 | -6/Factory | Identified exit to Extension 2762 | -6/Factory | Discovered new exit (range 12) 2765 | -6/Factory | Identified exit to Factory 2892 | -6/Factory | Entered another Factory area 2892 | -5/Factory | Evolved 2 slots: Power x1, Utility x1 3185 | -5/Factory | Central database locked down 3252 | -5/Factory | Discovered new exit (range 5) 3252 | -5/Factory | Identified exit to Upper Caves 3373 | -5/Factory | Discovered new exit (range 3) 3374 | -5/Factory | Identified exit to Factory 3518 | -5/Factory | Repaired Cld. VTOL Module 3568 | -5/Factory | Entered another Factory area 3568 | -4/Factory | Accompanied by 1 ally 3568 | -4/Factory | Evolved 2 slots: Propulsion x1, Utility x1 3724 | -4/Factory | Build established: Hacker-Sprinter 3745 | -4/Factory | Discovered new exit (range 6) 3748 | -4/Factory | Identified exit to Research 3782 | -4/Factory | Repaired Broken Imp. Cesium-ion Thruster? 3888 | -4/Factory | Entered Research 3888 | -3/Research | Accompanied by 1 ally 3888 | -3/Research | Evolved 2 slots: Propulsion x1, Utility x1 3975 | -3/Research | Identified exit to Testing 4380 | -3/Research | Spotted B-86 Titan 4399 | -3/Research | Central database locked down 4464 | -3/Research | Spotted B-86 Titan 4491 | -3/Research | Found Prototype Hackware 4572 | -3/Research | Spotted B-86 Titan 4619 | -3/Research | Lost 5 parts (3n2u) 4646 | -3/Research | Entered Testing 4647 | -3/Testing | Maximum security lockdown engaged 4723 | -3/Testing | Spotted PY-VNOIJ1VXA2 4859 | -3/Testing | Spotted Investigator 4859 | -3/Testing | Scanned by Researcher 4916 | -3/Testing | Spotted Striker 4917 | -3/Testing | Spotted Striker 4926 | -3/Testing | Discovered new exit (range 22) 4932 | -3/Testing | Lost 5 parts (2n3u) 4954 | -3/Testing | Identified exit to Research 4954 | -3/Testing | Entered Research 4954 | -2/Research | Evolved 2 slots: Utility x2 4955 | -2/Research | Identified Exp. System Shield 5128 | -2/Research | Discovered new exit (range 13) 5145 | -2/Research | Identified exit to Quarantine 5381 | -2/Research | Crushed by falling debris 5381 | -2/Research | System corruption reached 10% 5412 | -2/Research | Lost 4 parts (1n2u1w) 5561 | -2/Research | Core integrity fell below 50% 5595 | -2/Research | Lost 14 parts (2p5n6u1w) 5648 | -2/Research | Core integrity fell below 20% 5658 | -2/Research | Destroyed by H-88 Terminator with Heavy Machine Gun Last Messages --------------- 05625_ System corrupted: Energy discharge (-21). 05629_ Connecting with Terminal... 05631_ ALERT: Potential suspicious activity detected, Programmers report to Research Zone 4W. 05634_ Triggered Shock Trap. 05634_ The floor emits a surge of raw power. 05634_ System corrupted (+2). 05645_ Drone sends a signal. 05647_ Penetrated by Slug. 05647_ Slug penetrates Wall. 05650_ Knocked back. 05650_ Slug penetrates Door. 05650_ Slug penetrates Wall. 05651_ H-88 Terminator retrieves Drone. 05652_ Knocked back. 05652_ Slug penetrates Wall. 05656_ =MWD7AJRBBVU,IR